 Dungeon Crawl Stone Soup version 0.29-a0-23-ga79f92ac9c (webtiles) character file.

Game seed: 12490282794780208958

31 dolemite99 the Chopper (level 3, 0/31 HPs)
             Began as a Minotaur Monk on Jan 30, 2022.
             Was a Priest of Cheibriados.
             Slain by a gnoll (8 damage)
             ... on level 2 of the Dungeon.
             The game lasted 00:01:02 (734 turns).

dolemite99 the Chopper (Minotaur Monk)               Turns: 734, Time: 00:01:02

Health: 0/31       AC:  3    Str: 25    XL:     3   Next: 7%
Magic:  2/2        EV: 13    Int: 15    God:    Cheibriados [***...]
Gold:   85         SH:  0    Dex: 20    Spells: 2/2 levels left

rFire   . . .      SeeInvis .   a - +0 hand axe
rCold   . . .      Faith    .   (no shield)
rNeg    . . .      Spirit   .   b - +0 robe
rPois   .          Reflect  .   (helmet restricted)
rElec   .          Harm     .   (no cloak)
rCorr   .          Rampage  .   c - +0 pair of gloves
Will    .....                   (no boots)
Stlth   ++........              (no amulet)
HPRegen 0.10/turn               (no ring)
MPRegen 0.08/turn               (no ring)

@: very slow
A: horns 2, retaliatory headbutt
a: Renounce Religion, Bend Time, Temporal Distortion


You were on level 2 of the Dungeon.
You worshipped Cheibriados.
Cheibriados was most pleased with you.
You visited 1 branch of the dungeon, and saw 2 of its levels.

You collected 85 gold pieces.

Inventory:

Hand Weapons
 a - a +0 hand axe (weapon)
 e - a +0 flail
Missiles
 i - 9 stones (quivered)
Armour
 b - a +0 robe (worn)
 c - a +0 pair of gloves (worn)
Scrolls
 f - a scroll of identify {unknown}
 g - a scroll of fog {unknown}
 h - a scroll of blinking {unknown}


   Skills:
 - Level 3.6 Fighting
 + Level 5.1 Axes
 - Level 3.2 Dodging
 - Level 1.5 Stealth


You had 2 spell levels left.
You didn't know any spells.
Your spell library contained the following spells:

 Spells                   Type           Power      Damage    Failure   Level
 Summon Small Mammal      Summ           0%         N/A       26%         1
 Call Canine Familiar     Summ           0%         N/A       63%         3
 Summon Guardian Golem    Hex/Summ       0%         N/A       63%         3


Dungeon Overview and Level Annotations

Branches:
Dungeon (2/15)

Altars:
Cheibriados
Dithmenos


Innate Abilities, Weirdness & Mutations

You have a pair of horns on your head.
You reflexively headbutt those who attack you in melee.


Message History

A gnoll comes into view. It is wielding a +0 club.
A gnoll comes into view. It is wielding a +0 flail.
You see here 9 gold pieces.
You now have 85 gold pieces (gained 9).
The gnoll hits you with a +0 whip. The gnoll hits you with a +0 whip.
The gnoll hits you with a +0 whip. The gnoll hits you with a +0 whip.
Found 11 gold pieces.
Found a stone staircase leading down.
The gnoll closely misses you.
An endoplasm comes into view.
Found a scroll labelled IBLUCUIMUVO.
Okay, then.
You hit the gnoll.
The gnoll is lightly wounded.
The gnoll barely misses you.
You completely miss the gnoll.
You headbutt the gnoll, but do no damage.
The gnoll hits you with a +0 whip.
You completely miss the gnoll. You headbutt the gnoll.
The gnoll is moderately wounded.
The gnoll closely misses you.
You barely miss the gnoll. Your headbutt misses the gnoll.
The gnoll is moderately wounded.
The gnoll hits you with a +0 whip.
You hit the gnoll.
The gnoll is moderately wounded.
The gnoll hits you with a +0 whip.
* * * LOW HITPOINT WARNING * * *
It was a potion of cancellation.
You feel magically purged. The gnoll closely misses you.
You barely miss the gnoll.
The gnoll is moderately wounded.
The gnoll barely misses you.
You hit the gnoll but do no damage.
The gnoll is moderately wounded.
The gnoll misses you.
You hit the gnoll.
The gnoll is heavily wounded.
The gnoll hits you with a +0 whip!
You die...

## # #.. .. #. #.# ##. #. #.#
#.. ##.J##### #.# #..
.....>..#### #.# ###..
#..?.$....# #.####.... # #.#
#@##.# #.##...... #.#.#
#g##.# #.##.###..
#####.#.####g##.# #....# #..
........#..g.#.# ####.###.#
.#.#.#..#..#...# #.....#
#...........#...#########.#.#
#...#.#.....###..†>.........>
#........###....###.#######..
#..##.#....#...## #.# ###


You could see 3 gnolls and an endoplasm (asleep).

Vanquished Creatures
  3 ball pythons (D:1)
  5 endoplasms
  2 giant cockroaches (D:2)
  5 hobgoblins
  A jackal (D:2)
  A quokka (D:1)
  4 bats
  3 frilled lizards
  2 kobolds (D:2)
  2 rats (D:1)
28 creatures vanquished.

Notes
Turn   | Place    | Note
-------+----------+-------------------------------------------
     0 | D:1      | dolemite99 the Minotaur Monk began the quest for the Orb.
     0 | D:1      | Reached XP level 1. HP: 19/19 MP: 0/0
    43 | D:1      | Reached skill level 4 in Axes
   128 | D:1      | Found a faded altar of an unknown god.
   133 | D:1      | Prayed at the altar of an unknown god.
   133 | D:1      | Became a worshipper of Cheibriados the Contemplative
   133 | D:1      | Reached * piety under Cheibriados
   133 | D:1      | Reached ** piety under Cheibriados
   173 | D:1      | Reached XP level 2. HP: 26/26 MP: 1/1
   199 | D:1      | Reached *** piety under Cheibriados
   596 | D:2      | Reached skill level 5 in Axes
   603 | D:2      | Found a shadowy altar of Dithmenos.
   641 | D:2      | Reached XP level 3. HP: 31/31 MP: 2/2
   734 | D:2      | Slain by a gnoll

Illustrated notes

Levels and vault maps discovered:
D:1:      tarquinn_simple_flora_water_c, layout_basic,
          ebering_ecumenical_altar_hall
D:2:      layout_loops_ring, basic_altar, minmay_pentomino_v2

Skill      XL: |  1  2 |
---------------+-------+-----
Axes           | 4 5 |  5.1
Fighting       | |  3.6
Dodging        | |  3.2
Stealth        | |  1.5

Action                   || total
-------------------------++-------
Melee: Hand axe          ||    42
       Headbutt          ||     9
Throw: Stone             ||    13
  Use: Potion            ||     1
 Stab: Sleeping          ||     4
Armor: Robe              ||     5
Dodge: Dodged            ||    42

Table legend: (Time is in decaauts)
 A = Elapsed time spent in this place.
 B = Non-inter-level travel time spent in this place.
 C = Inter-level travel time spent in this place.
 D = Time resting spent in this place.
 E = Time spent auto-exploring this place.
 F = Levels seen in this place.
 G = Mean time per level.
                   A        B        C        D        E       F      G
               +--------+--------+--------+--------+--------+-----+--------+
         Total |   1015 |    973 |     42 |     36 |    657 |   2 |  507.5 |
       Dungeon |   1015 |    973 |     42 |     36 |    657 |   2 |  507.5 |
               +--------+--------+--------+--------+--------+-----+--------+

Top non-repeatable levels by time:
     D:1: 718 daAuts
     D:2: 296 daAuts
